 Dungeon Sprint DCSS version 0.23-a0-171-g5ae17c6 (webtiles) character file.

53 emperorscorpion the Skirmisher (level 3, -1/41 HPs)
             Began as an Ogre Warper on Sept 12, 2018.
             Slain by a crimson imp (4 damage)
             ... in the Dungeon (Sprint IX: "|||||||||||||||||||||||||||||").
             The game lasted 00:01:05 (147 turns).

emperorscorpion the Skirmisher (Ogre Warper)         Turns: 147, Time: 00:01:05

Health: -1/41      AC:  3    Str: 15    XL:     3   Next: 87%
Magic:  8/8        EV: 11    Int: 15    God:
Gold:   0          SH:  0    Dex:  8    Spells: 10/10 levels left

rFire    . . .     SeeInvis .   a - +0 spear
rCold    . . .     Gourm    .   (no shield)
rNeg     . . .     Faith    .   b - +0 robe
rPois    .         Spirit   .   (helmet restricted)
rElec    .         Reflect  .   (no cloak)
rCorr    .         Harm     .   (gloves unavailable)
MR       .....     NoTele   +   (boots unavailable)
Stlth    +.........             (no amulet)
HPRegen  0.13/turn              (no ring)
MPRegen  0.11/turn              (no ring)

@: hasted, very quick
A: large, unfitting armour, tough skin 1
a: no special abilities


You were in the Dungeon.
You were not hungry.

You visited 1 branch

Inventory:

Hand Weapons
 a - a +0 spear (weapon)
Missiles
 e - 5 tomahawks of dispersal (quivered)
Armour
 b - a +0 robe (worn)
Scrolls
 d - 2 scrolls of blinking
Potions
 g - a potion of curing
 h - a potion of heal wounds
 j - 2 potions of magic
Comestibles
 c - 3 chunks of flesh
 f - a ration


   Skills:
 + Level 4.8 Fighting
 + Level 4.2 Polearms
 + Level 1.4 Throwing
 + Level 4.1 Dodging
 + Level 4.2 Spellcasting
   Level 2.6 Translocations


You had 10 spell levels left.
You didn't know any spells.
Your spell library contained the following spells:

 Spells                   Type           Power        Failure   Level  Hunger
 Blink                    Tloc           N/A          9%          2    ##.....
 Shroud of Golubria       Chrm/Tloc      #.........   16%         2    ##.....
 Gell's Gravitas          Tloc           ##........   19%         3    ###....
 Lesser Beckoning         Tloc           ##........   19%         3    ###....
 Teleport Other           Tloc           ##......     19%         3    ###....
 Passage of Golubria      Tloc           N/A          52%         4    ####...


Dungeon Overview and Level Annotations

Branches:
Dungeon (1/1)

Altars:


Innate Abilities, Weirdness & Mutations

You are too large for most types of armour.
You have tough skin. (AC +1)


Message History

The crimson imp blinks!
The crimson imp hits you.
* * * LOW HITPOINT WARNING * * *
There is an open door here.
You miss the crimson imp. You miss the crimson imp.
The crimson imp barely misses you.
You barely miss the crimson imp. The crimson imp hits you.
* * * LOW HITPOINT WARNING * * *
You hit the crimson imp but do no damage.
You hit the crimson imp but do no damage.
The crimson imp shouts, "Remove thy stench, thou puny weeb-spouting The crimson imp hits you.
* * * LOW HITPOINT WARNING * * *
You closely miss the crimson imp. You barely miss the crimson imp.
The crimson imp sputters.
The crimson imp hits you.
* * * LOW HITPOINT WARNING * * *
You closely miss the crimson imp. The crimson imp hits you.
You die... ▓▓▓▓▓▓▓▓▓▓▓▓▓▓▓▓▓▓ +.....@5....)...<▓ ▓▓▓▓▓▓▓▓▓▓▓▓▓▓▓▓▓▓

You could see a crimson imp.

Vanquished Creatures
  A crimson imp (D)
  An adder (D)
  An adder skeleton (D)
  2 hobgoblins (D)
  A frilled lizard (D)
  A giant cockroach zombie (D)
  2 rats (D)
9 creatures vanquished.

Vanquished Creatures (others)
  A spatial maelstrom (D)
1 creature vanquished.

Grand Total: 10 creatures vanquished

Notes
Turn   | Place    | Note
-------+----------+-------------------------------------------
     0 | D        | emperorscorpion the Ogre Warper began the quest for the
                  | Orb.
     0 | D        | Reached XP level 1. HP: 22/22 MP: 3/3
     1 | D        | Banished a spatial maelstrom
    34 | D        | Noticed a crimson imp
    34 | D        | Noticed a crimson imp
    49 | D        | Killed a crimson imp
    49 | D        | Reached XP level 2. HP: 33/33 MP: 5/7
    49 | D        | Reached XP level 3. HP: 40/40 MP: 5/8
   147 | D        | Slain by a crimson imp

Vault maps used:
D:        linesprint

Skill      XL: |  1  2  3 |
---------------+----------+-----
Fighting       | 4 |  4.8
Polearms       | 3 4 |  4.2
Dodging        | 3 4 |  4.1
Spellcasting   | 4 |  4.2
Throwing       | |  1.4
Translocations | |  2.6

Action                   || total
-------------------------++-------
Melee: Spear             ||   112
  Use: Potion            ||     2
Armor: Robe              ||    17
Dodge: Dodged            ||    43

Table legend:
 A = Non-vault XP
 B = Vault XP
 C = Vault XP percentage of total XP
 D = Non-vault monster count
 E = Vault monster count
 F = Vault count percentage of total count
                 A         B        C        D         E       F
            +---------+---------+-------+---------+---------+-------
      Total |       0 |      76 | 100.0 |       0 |       9 | 100.0
            +---------+---------+-------+---------+---------+-------
          D |       0 |      76 | 100.0 |       0 |       9 | 100.0
            +---------+---------+-------+---------+---------+-------
